 Dungeon Crawl Stone Soup version 0.27-a0-1232-gc6a4cbde82 (webtiles) character file.

Game seed: 12742219951007518409

53 doombilly the Chopper (level 3, -4/34 HPs)
             Began as a Minotaur Berserker on June 8, 2021.
             Was a Believer of Trog.
             Slain by a gnoll
             ... wielding a +0 flail
              (11 damage)
             ... on level 2 of the Dungeon.
             The game lasted 00:04:25 (1258 turns).

doombilly the Chopper (Minotaur Berserker)          Turns: 1258, Time: 00:04:29

Health: -4/34      AC:  8    Str: 22    XL:     3   Next: 62%
Magic:  2/2        EV:  8    Int:  4    God:    Trog [**....]
Gold:   50         SH:  0    Dex:  9    Spells: 2/2 levels left

rFire    . . .     SeeInvis .   a - +0 hand axe
rCold    . . .     Faith    .   (no shield)
rNeg     . . .     Spirit   .   e - +0 chain mail
rPois    .         Reflect  .   (helmet restricted)
rElec    .         Harm     .   (no cloak)
rCorr    .         Rampage  .   (no gloves)
Will     .....                  (no boots)
Stlth    ..........             (no amulet)
HPRegen  0.11/turn              (no ring)
MPRegen  0.08/turn              (no ring)

@: no status effects
A: horns 2, retaliatory headbutt
a: Renounce Religion, Berserk, Trog's Hand


You were on level 2 of the Dungeon.
You worshipped Trog.
Trog was pleased with you.
You visited 1 branch of the dungeon, and saw 2 of its levels.

You collected 50 gold pieces.

Inventory:

Hand Weapons
 a - a +0 hand axe (weapon)
Armour
 b - a +0 animal skin
 e - a +0 chain mail (worn)
Scrolls
 c - a scroll of identify {unknown}
 f - 3 scrolls of torment {unknown}
 g - a scroll of fog {unknown}
 h - a scroll of summoning {unknown}
 j - a scroll of teleportation {unknown}
Potions
 d - a potion of curing {unknown}
 i - a potion of attraction {unknown}


   Skills:
 + Level 4.3 Fighting
 + Level 4.5 Axes
 + Level 2.6 Armour
 + Level 2.5 Dodging
 + Level 0.3 Stealth


You had 2 spell levels left.
You didn't know any spells.
Your spell library was empty.

Dungeon Overview and Level Annotations

Branches:
Dungeon (2/15)

Altars:


Innate Abilities, Weirdness & Mutations

You have a pair of horns on your head.
You reflexively headbutt those who attack you in melee.


Message History

Trog accepts your kill. The goblin hits you but does no damage.
The goblin hits you but does no damage.
You hit the goblin.
The goblin is severely wounded.
The goblin barely misses you. The goblin closely misses you.
You furiously retaliate!
You headbutt the goblin!
You kill the goblin!
Trog accepts your kill.
You see here a ball python corpse.
You see here a +0 dagger.
You open the door. 2 gnolls come into view.
The gnoll shouts! x2
A gnoll comes into view. It is wielding a +0 whip.
There is an open door here.
The gnoll hits you with a +0 flail. The gnoll barely misses you.
You furiously retaliate!
You headbutt the gnoll. You closely miss the gnoll. You headbutt the gnoll.
The gnoll is moderately wounded.
You hit the gnoll. You completely miss the gnoll. The gnoll barely misses you.
The gnoll hits you with a +0 flail. The gnoll hits you but does no damage.
You barely miss the gnoll.
The gnoll is moderately wounded.
You completely miss the gnoll. You hit the gnoll.
The gnoll hits you but does no damage. The gnoll hits you with a +0 flail.
The gnoll hits you but does no damage.
You barely miss the gnoll. You headbutt the gnoll.
The gnoll is moderately wounded.
You hit the gnoll. You closely miss the gnoll.
The gnoll hits you with a +0 flail. The gnoll hits you with a +0 whip.
The gnoll barely misses you.
You hit the gnoll but do no damage. You headbutt the gnoll.
The gnoll is severely wounded.
You hit the gnoll. You barely miss the gnoll.
The gnoll hits you with a +0 flail!
* * * LOW HITPOINT WARNING * * *
The gnoll hits you but does no damage. The gnoll hits you with a +0 flail!
You die...

##+#### #......
#......### #..........
#........ #...........
#.....gg# #...........
#.....g@# #...........
##+####'#####...........
............#...........
............#...........
............#...........
............#...).......
................†......†
............#######.####
............# .....


You could see 3 gnolls.

Vanquished Creatures
  4 dart slugs
  4 endoplasms (D:1)
  2 giant cockroaches (D:1)
  2 goblins
  4 hobgoblins (D:1)
  7 jackals
  A quokka (D:2)
  6 ball pythons
  4 bats (D:1)
  2 frilled lizards
  3 kobolds (D:1)
  A rat (D:1)
40 creatures vanquished.

Notes
Turn   | Place    | Note
-------+----------+-------------------------------------------
     0 | D:1      | doombilly the Minotaur Berserker began the quest for the
                  | Orb.
     0 | D:1      | Reached XP level 1. HP: 19/19 MP: 0/0
   277 | D:1      | Reached XP level 2. HP: 18/27 MP: 1/1
   494 | D:1      | Reached ** piety under Trog
   548 | D:1      | Reached XP level 3. HP: 33/33 MP: 2/2
   947 | D:1      | Found a faded altar of an unknown god.
  1258 | D:2      | Slain by a gnoll

Illustrated notes

Levels and vault maps discovered:
D:1:      lordsloth_arrival_two_stooges, layout_basic,
          shapermc_ecumenical_altar_totnotflames, kennysheep_nondescript,
          serial_bayou_pond_d, corexii_item_surrounded_by_moat
D:2:      layout_basic, basic_altar, uniq_jessica

Skill      XL: |  1  2 |
---------------+-------+-----
Axes           | 4 |  4.5
Fighting       | 4 |  4.3
Armour         | |  2.6
Dodging        | |  2.5
Stealth        | |  0.3

Action                   || total
-------------------------++-------
Melee: Hand axe          ||    77
       Headbutt          ||    11
Invok: Berserk           ||     2
       Trog's Hand       ||     1
Armor: Animal skin       ||     5
       Chain mail        ||    27
Dodge: Dodged            ||    59

Table legend: (Time is in decaauts)
 A = Elapsed time spent in this place.
 B = Non-inter-level travel time spent in this place.
 C = Inter-level travel time spent in this place.
 D = Time resting spent in this place.
 E = Time spent auto-exploring this place.
 F = Levels seen in this place.
 G = Mean time per level.
                   A        B        C        D        E       F      G
               +--------+--------+--------+--------+--------+-----+--------+
         Total |   1288 |   1276 |     12 |    112 |      0 |   2 |  644.0 |
       Dungeon |   1288 |   1276 |     12 |    112 |      0 |   2 |  644.0 |
               +--------+--------+--------+--------+--------+-----+--------+

Top non-repeatable levels by time:
     D:1: 1180 daAuts
     D:2: 108 daAuts
